 Dungeon Crawl Stone Soup version 0.23.0-3-gf3c87f2 (webtiles) character file.

Game seed: 7678958777349609399

370836 skk the Hoplite (level 21, -4/184 HPs)
             Began as a Deep Dwarf Fighter on Feb 24, 2019.
             Was a High Priest of Okawaru.
             Killed from afar by a quicksilver dragon (22 damage)
             ... with a bolt of dispelling energy
             ... on level 3 of the Depths.
             The game lasted 01:59:18 (37556 turns).

skk the Hoplite (Deep Dwarf Fighter)               Turns: 37556, Time: 01:59:19

Health: -4/184     AC: 29    Str: 27    XL:     21   Next: 69%
Magic:  22/22      EV: 12    Int:  4    God:    Okawaru [*****.]
Gold:   3863       SH: 32    Dex: 15    Spells: 20/20 levels left

rFire    + + .     SeeInvis +   A - +2 demon trident (vamp)
rCold    + + +     Gourm    +   D - +6 large shield {reflect}
rNeg     + + +     Faith    .   Q - +9 plate armour "Atoufax" {rElec rN+ Regen+ Int-4}
rPois    +         Spirit   .   F - -2 hat of the Alchemist {rElec rPois rF+ rC+ rN+ MR+ rMut rCorr}
rElec    +         Reflect  +   Z - scarf {rC+ rF+}
rCorr    +         Harm     .   w - +2 pair of gloves {Dex+3}
rMut     +                      o - +1 pair of boots {Fly}
MR       ++++.                  i - amulet of the gourmand
Stlth    ..........             R - ring of see invisible
HPRegen  0.00/turn              U - ring "Usox" {rCorr rPois Int-4 Slay+5 Stlth+}
MPRegen  0.18/turn

@: flying, very slightly contaminated, non-regenerating, studying Short Blades
A: damage resistance, heal wounds, hooves 1, cold resistance 1, frail 1,
negative energy resistance 1, sense surroundings 3, subdued magic 1, no
regeneration
}: 2/15 runes: barnacled, gossamer
a: Heal Wounds, Heroism, Finesse, Renounce Religion, Stop Flying


You were on level 3 of the Depths.
You worshipped Okawaru.
Okawaru was extremely pleased with you.
You were full.

You visited 8 branches of the dungeon, and saw 39 of its levels.
You visited the Abyss 1 time.
You also visited: Volcano.

You collected 4383 gold pieces.
You spent 520 gold pieces at shops.

Inventory:

Hand Weapons
 A - a +2 vampiric demon trident (weapon)
 Y - the +9 falchion of Fragile Peace {flame, rF+ Int+3 Dex+5 Stlth-}
   (You found it on level 3 of the Elven Halls)

   It has been specially enchanted to burn those struck by it, causing extra
   injury to most foes and up to half again as much damage against particularly
   susceptible opponents.
   Big, fiery blades are also staple armaments of hydra-hunters.
   It affects your intelligence (+3).
   It affects your dexterity (+5).
   It protects you from fire.
   It makes you less stealthy.
Armour
 o - a +1 pair of boots of flying (worn)
 w - a +2 pair of gloves of dexterity (worn)
 C - a +0 cloak of magic resistance
 D - a +6 large shield of reflection (worn)
 F - the -2 hat of the Alchemist (worn) {rElec rPois rF+ rC+ rN+ MR+ rMut rCorr}
   (You found it on level 11 of the Dungeon)

   It protects you from fire.
   It protects you from cold.
   It insulates you from electricity.
   It protects you from poison.
   It protects you from negative energy.
   It affects your resistance to hostile enchantments.
   It provides partial protection from all sources of acid and corrosion.
   It protects you from mutation.
 I - a scarf of cloud immunity
 Q - the +9 plate armour "Atoufax" (worn) {rElec rN+ Regen+ Int-4}
   (You took it off an orc knight on level 1 of the Orcish Mines)

   It affects your intelligence (-4).
   It insulates you from electricity.
   It protects you from negative energy.
   It increases your rate of regeneration.
 Z - a scarf of resistance (worn)
Jewellery
 g - a +4 ring of slaying
 i - an amulet of the gourmand (around neck)
 B - the amulet "Jonotosa" {Acrobat +Blink rN+ Str-5 Dex+4}
   (You took it off a fire giant on level 4 of the Depths)

   [amulet of the acrobat]

   It helps you evade while moving and waiting.
   It affects your strength (-5).
   It affects your dexterity (+4).
   It protects you from negative energy.
   It lets you blink.
 M - a +6 ring of protection
 R - a ring of see invisible (left hand)
 U - the ring "Usox" (right hand) {rCorr rPois Int-4 Slay+5 Stlth+}
   (You found it on level 2 of the Elven Halls)

   [ring of resist corrosion]

   It affects your intelligence (-4).
   It affects your accuracy and damage with ranged weapons and melee attacks
   (+5).
   It protects you from poison.
   It makes you more stealthy.
Wands
 j - a wand of digging (4)
 x - a wand of acid (18)
 y - a wand of clouds (6)
 G - a wand of scattershot (12)
 J - a wand of flame (10)
Scrolls
 b - a scroll of holy word
 h - 8 scrolls of fear
 k - 3 scrolls of fog
 m - 14 scrolls of remove curse
 p - 11 scrolls of magic mapping
 s - 4 scrolls of blinking
 u - 10 scrolls of teleportation
 v - 3 scrolls of silence
 E - 4 scrolls of noise
 L - 7 scrolls of identify
Potions
 a - 3 potions of agility
 c - 5 potions of ambrosia
 d - 5 potions of might
 l - 4 potions of curing
 n - 4 potions of heal wounds
 q - 4 potions of flight
 r - 4 potions of brilliance
 t - 4 potions of invisibility
 z - 2 potions of cancellation
 H - 7 potions of haste
 O - a potion of berserk rage
 P - 5 potions of resistance
 W - 2 potions of magic
 X - a potion of mutation
Books
 T - a manual of Short Blades
Miscellaneous
 e - 3 phantom mirrors
 S - 2 boxes of beasts
 V - 3 sacks of spiders
Comestibles
 f - 86 rations


   Skills:
 + Level 16.2 Fighting
 + Level 1.1 Long Blades
   Level 6.7(15.2) Axes
 + Level 17.8(18.0) Polearms
 + Level 14.5 Armour
 + Level 7.6 Dodging
 - Level 5.9 Stealth
 * Level 24.0 Shields
 + Level 9.9 Invocations
 + Level 2.5 Evocations


You had 20 spell levels left.
You didn't know any spells.
Your spell library contained the following spells:

 Spells                   Type           Power        Failure   Level  Hunger
 Animate Skeleton         Necr           N/A          99%         1    ##.....
 Apportation              Tloc           #.....       99%         1    ##.....
 Confusing Touch          Hex            #.....       99%         1    ##.....
 Corona                   Hex            #......      99%         1    ##.....
 Flame Tongue             Conj/Fire      #....        99%         1    ##.....
 Magic Dart               Conj           #...         99%         1    ##.....
 Sandblast                Erth           #.....       99%         1    ##.....
 Sting                    Conj/Pois      #...         99%         1    ##.....
 Summon Butterflies       Summ           #.......     99%         1    ##.....
 Summon Small Mammal      Summ           #...         99%         1    ##.....
 Call Imp                 Summ           #.......     99%         2    ###....
 Ensorcelled Hibernation  Hex/Ice        #.....       99%         2    ###....
 Passwall                 Tmut/Erth      #.......     99%         2    ###....
 Poisonous Vapours        Pois/Air       #.....       99%         2    ###....
 Searing Ray              Conj           #.....       99%         2    ###....
 Slow                     Hex            #.......     99%         2    ###....
 Sublimation of Blood     Necr           #.........   99%         2    ###....
 Call Canine Familiar     Summ           #.......     100%        3    ####...
 Confuse                  Hex            #.......     100%        3    ####...
 Dazzling Spray           Conj/Hex       #.....       100%        3    ####...
 Gell's Gravitas          Tloc           #.........   100%        3    ####...
 Ignite Poison            Fire/Tmut/Pois #.......     100%        3    ####...
 Inner Flame              Hex/Fire       #.......     100%        3    ####...
 Mephitic Cloud           Conj/Pois/Air  #.......     100%        3    ####...
 Portal Projectile        Hex/Tloc       #.....       100%        3    ####...
 Stone Arrow              Conj/Erth      #.....       100%        3    ####...
 Summon Guardian Golem    Hex/Summ       #.......     100%        3    ####...
 Animate Dead             Necr           N/A          100%        4    #####..
 Cause Fear               Hex            #.........   100%        4    #####..
 Force Lance              Conj/Tloc      #.......     100%        4    #####..
 Fulminant Prism          Conj/Hex       #.........   100%        4    #####..
 Iskenderun's Mystic Bla  Conj           #.......     100%        4    #####..
 Leda's Liquefaction      Hex/Erth       #.........   100%        4    #####..
 Olgreb's Toxic Radiance  Pois           #.......     100%        4    #####..
 Petrify                  Tmut/Erth      #.......     100%        4    #####..
 Summon Ice Beast         Ice/Summ       #.......     100%        4    #####..
 Summon Lightning Spire   Summ/Air       #.......     100%        4    #####..
 Alistair's Intoxication  Tmut/Pois      #.......     100%        5    ######.
 Bolt of Draining         Conj/Necr      #.........   100%        5    ######.
 Borgnjor's Vile Clutch   Necr/Erth      #.........   100%        5    ######.
 Irradiate                Conj/Tmut      #.........   100%        5    ######.
 Lee's Rapid Deconstruct  Erth           #.........   100%        5    ######.
 Metabolic Englaciation   Hex/Ice        #.........   100%        5    ######.
 Silence                  Hex/Air        #.........   100%        5    ######.
 Summon Mana Viper        Hex/Summ       #.......     100%        5    ######.
 Venom Bolt               Conj/Pois      #.........   100%        5    ######.
 Yara's Violent Unravell  Hex/Tmut       #.........   100%        5    ######.
 Bolt of Fire             Conj/Fire      #.........   100%        6    #######
 Darkness                 Hex            #.........   100%        6    #######
 Deflect Missiles         Chrm/Air       #.........   100%        6    #######
 Shadow Creatures         Summ           N/A          100%        6    #######
 Dragon Form              Tmut           #.........   100%        7    #######
 Haunt                    Necr/Summ      #.........   100%        7    #######
 Malign Gateway           Summ/Tloc      #.........   100%        7    #######
 Monstrous Menagerie      Summ           #.........   100%        7    #######
 Summon Greater Demon     Summ           #.........   100%        7    #######
 Summon Hydra             Summ           #.........   100%        7    #######
 Borgnjor's Revivificati  Necr           #.........   100%        8    #######
 Death's Door             Chrm/Necr      #.........   100%        8    #######
 Discord                  Hex            #.........   100%        8    #######
 Infestation              Necr           #.........   100%        8    #######
 Necromutation            Tmut/Necr      #.........   100%        8    #######
 Summon Horrible Things   Summ           #.........   100%        8    #######
 Dragon's Call            Summ           #.........   100%        9    #######


Dungeon Overview and Level Annotations

Branches:
Dungeon (15/15)            Temple (1/1) D:5            Lair (6/6) D:11
 Shoals (4/4) Lair:2       Spider (4/4) Lair:4        Slime (0/5) Lair:5
    Orc (2/2) D:12            Elf (3/3) Orc:2        Depths (4/5) D:15
 Vaults: D:13-14

Altars:
Ashenzari
Cheibriados
Dithmenos
Elyvilon
Fedhas
Gozag
Hepliaklqana
Kikubaaqudgha
Makhleb
Nemelex Xobeh
Okawaru
Qazlal
Ru
Sif Muna
Trog
Uskayaw
Vehumet
Wu Jian
Xom
Yredelemnul
Zin
The Shining One
Beogh
Lugonu

Shops:
D:4 !   D:14 *   Orc:2 ([[:

Portals:
Hell: Depths:1 Depths:2 Depths:3 Depths:4
Abyss: Depths:4
Pandemonium: Depths:2 Depths:3 Depths:4
Ziggurat: Depths:2


Innate Abilities, Weirdness & Mutations

You are resistant to damage.
You can heal yourself by infusing magical energy.
You resist negative energy. (rN+)
You passively map a large area around you.
You do not regenerate.
You have large cloven feet.
Your flesh is cold resistant. (rC+)
You are frail. (-10% HP)
Your spells are a little easier to cast, but a little less powerful.


Message History

There is a stone staircase leading down here.
Okay, then.
You feel much better.
You feel like a meek peon again.
The moth of wrath's fur bristles in rage as it notices you.
A flayed ghost comes into view.
The frost giant points at you and mumbles some strange words.
The bolt of cold hits you! You resist.
* * * LOW HITPOINT WARNING * * *
Blink to where?
Press: ? - help, Dir - move target cursor You are very lightly contaminated with residual magic.
As you read the scroll of blinking, it crumbles to dust.
A rakshasa and a lich come into view.
The lich shouts!
The polar bear falls off the wall.
The orb spider changes into a polar bear!
The quicksilver dragon breathes dispelling energy at you.
The bolt of dispelling energy hits you!!
You die...

###......≈≈≈≈≈...
#........≈≈≈≈≈≈..
###........≈≈≈≈≈... ###
#............≈≈≈..# ###.##
#............≈≈.... #....##
#############...... ###....#
##.(## #≈≈.... #....<.# ##....##
#.≈.... ##.....# #.@.yW.#*
#.≈.... #...#># *#.R#''#..#*
#.≈≈... #.##.<# #..##..# #.....≈
#.....# #..# #uD# , *#.....≈
####...#.##..# *#h.# * *#......
≈≈≈≈=..###L.#, #Cu#, , #......
≈P≈P..##.#.#* *,#<§#, ,#.....#
≈≈≈......## **#### * #....##
PP≈≈.....##################....#


You could see a frost giant, a white very ugly thing, a quicksilver dragon, a
lich, a purple ugly thing, a rakshasa, a flayed ghost, a moth of wrath and a
polar bear shaped shifter.

Vanquished Creatures
  A juggernaut (Depths:4)
  Sojobo (Depths:2)
  Saint Roka (Elf:2)
  The ghost of Ewetirimn the Executioner, an adept MiBe of Trog (Elf:2)
  A caustic shrike (Depths:2)
  2 golden dragons
  Nikola (Elf:3)
  Arachne (Spider:2)
  A tentacled monstrosity (Depths:2)
  2 liches (Depths:1)
  Rupert (Lair:5)
  2 deep elf master archers (Elf:3)
  3 deep elf blademasters
  Gastronok (Lair:1)
  Asterion (Spider:2)
  Frances (D:12)
  Agnes (Spider:1)
  4 krakens
  Donald (Elf:2)
  2 tengu reavers (Depths:2)
  3 fire giants
  9 frost giants
  2 deep elf sorcerers (Elf:3)
  An iron dragon (Depths:1)
  8 ghost moths
  7 emperor scorpions
  A deep elf elementalist (Elf:3)
  A juggernaut zombie (Depths:4)
  Louise (Spider:1)
  9 stone giants
  7 very ugly things (Depths:1)
  2 vampire knights
  5 deep elf annihilators
  Nessos (D:12)
  5 spark wasps
  2 deep elf demonologists (Elf:3)
  Azrael (D:15)
  The ghost of Sergey the Champion of Chaos, a journeyman DDFi of Makhleb (Orc:1)
  4 ettins
  2 merfolk javelineers (Shoals:4)
  An ettin (shapeshifter) (Depths:1)
  Snorg (D:14)
  8 deep elf death magi
  6 fire dragons
  A yaktaur captain (Depths:2)
  10 merfolk impalers
  3 great orbs of eyes
  3 ogre magi
  Fannar (Lair:2)
  3 deep elf high priests
  3 ice dragons
  2 rakshasas
  6 merfolk aquamancers
  11 hydras
  The ghost of SeriousVitamin the Arsonist, a journeyman DEFE of Vehumet (Lair:6)
  A catoblepas (Lair:5)
  The ghost of kalagan the Geomancer, a journeyman DEEE of Sif Muna (D:10)
  3 spriggan air magi
  6 merfolk avatars
  An alligator snapping turtle (Shoals:2)
  15 two-headed ogres
  35 dancing weapons
  9 centaur warriors
  2 satyrs
  4 death yaks
  2 deep troll earth magi
  4 orc high priests
  A deep troll shaman (Depths:1)
  7 tengu warriors
  2 thrashing horrors (Abyss:3)
  2 spriggan berserkers (Depths:2)
  4 hell knights (Depths:2)
  A sun demon (Depths:4)
  12 deep elf knights
  8 skeletal warriors (D:15)
  3 iron trolls (Depths:1)
  A sixfirhy (Abyss:3)
  5 deep trolls (Depths:3)
  A glowing orange brain (Depths:1)
  A wretched star (Abyss:3)
  3 unseen horrors
  3 wizards
  9 sea snakes
  A gelid demonspawn (Depths:4)
  9 deep elf archers
  A shadow demon (Depths:4)
  A torturous demonspawn (Depths:4)
  7 starcursed masses (Abyss:3)
  47 deep elf magi
  5 necromancers
  7 orc knights
  The ghost of skk the Cudgeler, a novice DsFi of Okawaru (D:7)
  A wolf spider zombie (D:14)
  20 harpies
  An orb spider (shapeshifter) (Depths:1)
  6 orc sorcerers
  14 orb spiders
  29 wolf spiders
  9 fauns
  4 oklob plants (Lair:2)
  2 manticores (shapeshifter)
  30 ugly things
  15 cyclopes
  An elephant (Lair:5)
  A large abomination (Abyss:3)
  2 worldbinders (Abyss:3)
  12 manticores
  A spriggan zombie (Depths:4)
  4 water nymphs
  8 merfolk sirens
  Maurice (D:9)
  12 black mambas
  A guardian serpent (Lair:6)
  A sphinx skeleton (Depths:4)
  4 moths of wrath
  A fire giant skeleton (Abyss:3)
  A smoke demon (Abyss:3)
  2 black mambas (shapeshifter)
  2 torpor snails (Spider:1)
  12 spiny frogs
  A rime drake (shapeshifter) (Depths:3)
  3 gargoyles
  An efreet (Volcano)
  9 komodo dragons
  9 yaktaurs
  11 demonic crawlers
  4 rime drakes (Lair:5)
  An ice devil (Depths:1)
  5 red devils
  A hellwing (Depths:4)
  9 trolls
  A troll (shapeshifter) (D:14)
  2 polar bears (Lair:6)
  A tyrant leech (shapeshifter) (Depths:4)
  3 meliai (Lair:5)
  2 queen bees
  2 tengu conjurers
  23 merfolk
  A wind drake (shapeshifter) (Depths:2)
  A wind drake (Shoals:4)
  26 jumping spiders
  3 raiju (Abyss:3)
  Prince Ribbit (Lair:1)
  A harpy skeleton (D:14)
  14 hippogriffs
  9 snapping turtles
  12 blink frogs
  11 hornets
  A meliai zombie (D:15)
  4 slime creatures (Lair:5)
  A frost giant simulacrum (Depths:4)
  A raiju (shapeshifter) (Elf:1)
  5 dream sheep
  3 air elementals (Elf:1)
  A centaur simulacrum (D:15)
  34 tarantellas
  18 wyverns
  2 wraiths
  2 ynoxinuls (Abyss:3)
  18 water elementals
  58 redbacks
  7 basilisks
  7 fire elementals
  3 chaos spawn (Abyss:3)
  3 fire bats (Abyss:3)
  62 yaks
  3 steam dragons
  A hungry ghost (D:9)
  A redback simulacrum (D:15)
  5 insubstantial wisps (Abyss:3)
  2 acid dragons
  19 water moccasins
  10 porcupines
  3 hell hounds (D:15)
  A hornet zombie (D:8)
  2 small abominations
  3 sky beasts
  34 orc warriors
  2 phantoms
  An ice beast (D:6)
  A necrophage (D:12)
  An eye of draining (D:9)
  2 boggarts (Depths:3)
  15 ogres
  6 wolves (Lair:6)
  23 centaurs
  17 crocodiles
  3 big kobolds
  16 bullfrogs
  4 earth elementals
  A wyvern zombie (D:14)
  A wyvern skeleton (D:12)
  A scorpion (D:10)
  45 killer bees
  3 electric eels
  5 howler monkeys
  7 crimson imps
  5 centaur zombies
  5 quasits
  2 bullfrog zombies
  9 hounds
  23 orc priests
  A bullfrog skeleton (D:11)
  7 jellies
  7 centaur skeletons
  9 iguanas
  10 worker ants
  45 orc wizards
  A hell rat (Lair:5)
  A hound zombie (D:8)
  A hound skeleton (D:6)
  A worker ant zombie (D:9)
  15 adders
  A river rat (Lair:5)
  5 shadow imps
  2 white imps (Depths:4)
  2 ufetubi (Depths:4)
  An adder zombie (D:9)
  2 adder skeletons
  2 worms
  4 dart slugs
  3 leopard geckos
  91 orcs
  4 ball pythons
  5 giant cockroaches
  5 goblins
  5 hobgoblins
  8 jackals
  11 kobolds
  3 quokkas
  6 bats
  4 frilled lizards
  A jackal skeleton (D:5)
  A quokka skeleton (D:8)
  10 rats
  3 crawling corpses (Depths:2)
  A fungus (Lair:6)
  A plant (Lair:2)
  5 tentacles
1546 creatures vanquished.

Vanquished Creatures (others)
  A deep elf elementalist (Elf:1)
  2 stone giants
  A yaktaur captain (Depths:2)
  2 centaur warriors
  A dancing weapon (Elf:1)
  A deep elf knight (Elf:1)
  A deep elf mage (Elf:2)
  5 yaktaurs
  A merfolk (Shoals:3)
  A fire elemental (Elf:1)
  An acid dragon (D:15)
  An acid dragon (shapeshifter) (Depths:4)
  2 boggarts (Depths:3)
  9 centaurs
  An earth elemental (Elf:1)
  2 orcs
  4 fungi
  9 plants
  15 tentacles
60 creatures vanquished.

Grand Total: 1606 creatures vanquished

Notes
Turn   | Place    | Note
-------+----------+-------------------------------------------
     0 | D:1      | skk the Deep Dwarf Fighter began the quest for the Orb.
     0 | D:1      | Reached XP level 1. HP: 20/20 MP: 1/1
    42 | D:1      | Reached XP level 2. HP: 27/27 MP: 2/2
   334 | D:1      | Reached XP level 3. HP: 20/34 MP: 3/3
   609 | D:2      | Reached XP level 4. HP: 39/42 MP: 3/3
   905 | D:2      | Found a radiant altar of Vehumet.
  1441 | D:3      | Reached XP level 5. HP: 37/49 MP: 4/4
  1742 | D:3      | Reached skill level 1 in Dodging
  1742 | D:3      | Reached skill level 4 in Shields
  1893 | D:4      | Noticed a phantom
  1909 | D:4      | Reached XP level 6. HP: 34/56 MP: 5/5
  1909 | D:4      | Reached skill level 1 in Axes
  1930 | D:4      | Reached skill level 5 in Armour
  2240 | D:4      | Found Xosozeowyi's Distillery.
  2295 | D:4      | Bought a potion of ambrosia for 96 gold pieces
  2336 | D:4      | Found a hazy altar of Hepliaklqana.
  2337 | D:4      | Found a blossoming altar of Fedhas.
  2340 | D:4      | Found a glowing golden altar of the Shining One.
  2503 | D:5      | Entered Level 5 of the Dungeon
  2505 | D:5      | Reached XP level 7. HP: 63/63 MP: 6/6
  2790 | D:5      | Found a staircase to the Ecumenical Temple.
  2803 | Temple   | Entered the Ecumenical Temple
  3640 | D:5      | Got an amethyst-encrusted scale mail
  3651 | D:5      | Identified the +4 scale mail of Honour {-Tele rElec Stlth+}
                  | (You found it on level 5 of the Dungeon)
  3695 | D:6      | Reached XP level 8. HP: 39/72 MP: 7/7
  4134 | D:6      | Reached skill level 5 in Axes
  4134 | D:6      | Reached skill level 5 in Shields
  4648 | D:7      | Found a deep blue altar of Sif Muna.
  4709 | D:7      | Found a runed translucent gate.
  4709 | D:7      | Found a runed translucent gate.
  4710 | D:7      | Found a runed translucent gate.
  4712 | D:7      | Noticed skk's ghost (novice DsFi)
  4782 | D:7      | Noticed a hornet
  4805 | D:7      | Killed a hornet
  4805 | D:7      | Reached skill level 5 in Fighting
  4805 | D:7      | Reached skill level 1 in Stealth
  4922 | D:7      | Gained mutation: You passively map the area around you.
                  | [Deep Dwarf growth]
  4922 | D:7      | Reached XP level 9. HP: 48/81 MP: 8/8
  5149 | D:7      | Identified 2 scrolls of acquirement
  5156 | D:7      | Got a transparent cloak
  5162 | D:7      | Identified the -2 cloak of the Cooper {-Cast +Blink rElec}
                  | (You acquired it on level 7 of the Dungeon)
  5243 | D:8      | Reached skill level 6 in Shields
  5266 | D:8      | Reached skill level 5 in Polearms
  5329 | D:8      | Found a sacrificial altar of Ru.
  5462 | D:8      | Found an ornate altar of the Wu Jian Council.
  5736 | D:9      | Noticed Maurice
  5754 | D:9      | Killed Maurice
  5792 | D:9      | Reached XP level 10. HP: 91/91 MP: 9/9
  5827 | D:9      | Noticed a two-headed ogre
  5838 | D:9      | Killed a two-headed ogre
  5838 | D:9      | Reached skill level 7 in Shields
  5988 | D:9      | Found an iron altar of Okawaru.
  6016 | D:9      | Found a shimmering altar of Xom.
  6016 | D:9      | Found a glowing silver altar of Zin.
  6016 | D:9      | Noticed an angel
  6095 | D:9      | Found a white marble altar of Elyvilon.
  6549 | D:9      | Became a worshipper of Warmaster Okawaru
  6567 | D:10     | Entered Level 10 of the Dungeon
  6586 | D:10     | Noticed a two-headed ogre
  6594 | D:10     | Killed a two-headed ogre
  6652 | D:10     | Noticed a gargoyle
  6657 | D:10     | Killed a gargoyle
  6657 | D:10     | Reached * piety under Okawaru
  6657 | D:10     | Reached XP level 11. HP: 99/99 MP: 10/10
  6855 | D:10     | Noticed kalagan's ghost (journeyman DEEE)
  6858 | D:10     | Found a runed translucent door.
  7147 | D:10     | Killed kalagan's ghost
  7147 | D:10     | Reached ** piety under Okawaru
  7257 | D:11     | Noticed a five-headed hydra
  7267 | D:11     | Killed a five-headed hydra
  7269 | D:11     | Noticed a white ugly thing
  7551 | D:11     | Reached skill level 8 in Shields
  7661 | D:11     | Found a staircase to the Lair.
  7664 | D:11     | Noticed a death yak
  7665 | D:11     | Noticed a death yak
  7667 | D:11     | Noticed a death yak
  7679 | D:11     | Killed a white ugly thing
  7679 | D:11     | Reached *** piety under Okawaru
  7679 | D:11     | Reached skill level 5 in Stealth
  7679 | D:11     | Reached skill level 1 in Evocations
  7684 | D:11     | Killed a death yak
  7684 | D:11     | Reached skill level 10 in Polearms
  7689 | D:11     | Killed a death yak
  7694 | D:11     | Killed a death yak
  7694 | D:11     | Reached **** piety under Okawaru
  7875 | D:11     | Noticed a six-headed hydra
  7902 | D:11     | Noticed a deep elf mage
  7914 | D:11     | Killed a deep elf mage
  7920 | D:11     | Killed an unseen horror
  7920 | D:11     | Reached skill level 9 in Shields
  7928 | D:11     | Killed a six-headed hydra
  7941 | D:11     | Killed an unseen horror
  7941 | D:11     | Reached ***** piety under Okawaru
  7941 | D:11     | Reached skill level 1 in Invocations
  7941 | D:11     | Reached XP level 12. HP: 89/110 MP: 12/12
  7965 | D:11     | Reached skill level 5 in Dodging
  8119 | D:11     | Found the -2 hat of the Alchemist {rElec rPois rF+ rC+ rN+
                  | MR+ rMut rCorr}
  8358 | D:12     | Gained mutation: You passively map a large area around you.
                  | [potion of mutation]
  8358 | D:12     | Gained mutation: You are frail. (-10% HP) [potion of
                  | mutation]
  8358 | D:12     | Gained mutation: You are partially covered in rugged brown
                  | scales. (AC +1, +3% HP) [potion of mutation]
  8403 | D:12     | Noticed Nessos
  8410 | D:12     | Noticed a centaur warrior
  8416 | D:12     | Noticed a six-headed hydra
  8416 | D:12     | Noticed a centaur warrior
  8439 | D:12     | Killed a centaur warrior
  8442 | D:12     | Killed a six-headed hydra
  8451 | D:12     | Killed a centaur warrior
  8466 | D:12     | Killed Nessos
  8466 | D:12     | Reached skill level 10 in Shields
  9196 | D:12     | Noticed Frances
  9212 | D:12     | Killed Frances
  9212 | D:12     | Received a gift from Okawaru
  9306 | D:12     | Found a staircase to the Orcish Mines.
  9883 | Lair:1   | Entered Level 1 of the Lair of Beasts
  9895 | Lair:1   | Reached skill level 5 in Invocations
  9911 | Lair:1   | Noticed an eight-headed hydra
  9926 | Lair:1   | Noticed Prince Ribbit
  9946 | Lair:1   | Killed an eight-headed hydra
 10005 | Lair:1   | Reached XP level 13. HP: 81/109 MP: 16/16
 10106 | Lair:1   | Noticed Gastronok
 10123 | Lair:1   | Killed Gastronok
 10127 | Lair:1   | Killed Prince Ribbit
 10426 | Lair:1   | You fall through a shaft!
 10482 | Lair:2   | Noticed Fannar
 10492 | Lair:2   | Reached ****** piety under Okawaru
 10515 | Lair:2   | Reached skill level 11 in Shields
 10527 | Lair:2   | Received a gift from Okawaru
 10641 | Lair:2   | Killed Fannar
 10662 | Lair:2   | Got a scorched trident {god gift}
 10758 | Lair:2   | Identified the +11 trident "Siphoul" {speed, Stlth+}
                  | (Okawaru gifted it to you on level 2 of the Lair of Beasts)
 10951 | Lair:2   | Found a staircase to the Shoals.
 12030 | Lair:3   | Received a gift from Okawaru
 12920 | Lair:4   | Received a gift from Okawaru
 12959 | Lair:4   | Reached skill level 10 in Armour
 13118 | Lair:4   | Found a hole to the Spider Nest.
 13142 | Lair:4   | Got a dazzling plate armour
 13185 | Lair:4   | Reached skill level 12 in Shields
 13198 | Lair:4   | Identified the +1 plate armour of Xatuyl {rC+ Str-4 Dex+6}
                  | (You found it on level 4 of the Lair of Beasts)
 13639 | Lair:5   | Gained mutation: You resist negative energy. (rN+) [Deep
                  | Dwarf growth]
 13639 | Lair:5   | Reached XP level 14. HP: 99/119 MP: 17/17
 13726 | Lair:5   | Found a dark tunnel.
 13734 | Volcano  | Entered a volcano
 14067 | Lair:5   | Noticed Rupert
 14087 | Lair:5   | Killed Rupert
 14302 | Lair:5   | Found a staircase to the Slime Pits.
 14504 | Lair:5   | Received a gift from Okawaru
 14596 | Lair:5   | Reached skill level 10 in Fighting
 15100 | Lair:6   | Entered Level 6 of the Lair of Beasts
 15146 | Lair:6   | Noticed SeriousVitamin's ghost (journeyman DEFE)
 15239 | Lair:6   | Found a transporter.
 15241 | Lair:6   | Found a transporter.
 15285 | Lair:6   | Killed SeriousVitamin's ghost
 15322 | Lair:6   | Got a warped granite ring
 15332 | Lair:6   | Identified the ring of Buteir {rF- rN++ Int+6} (You found
                  | it on level 6 of the Lair of Beasts)
 15374 | Lair:6   | Reached skill level 13 in Shields
 16003 | Lair:6   | Received a gift from Okawaru
 16294 | Lair:6   | Reached XP level 15. HP: 129/129 MP: 18/18
 16591 | Orc:1    | Entered Level 1 of the Orcish Mines
 16923 | Orc:1    | Found a runed translucent gate.
 16923 | Orc:1    | Found a runed translucent gate.
 16923 | Orc:1    | Found a runed translucent gate.
 16924 | Orc:1    | Noticed Sergey's ghost (journeyman DDFi)
 16925 | Orc:1    | Identified the cursed +0 war axe of Ravage {freeze, *Contam
                  | Str+5}
 16925 | Orc:1    | Identified the +9 plate armour "Atoufax" {rElec rN+ Regen+
                  | Int-4}
 16927 | Orc:1    | Found a roughly hewn altar of Beogh.
 16927 | Orc:1    | Identified the cursed +1 morningstar of Earthquakes
                  | {antimagic, rPois Int+3 Dex+4}
 17079 | Orc:1    | Reached skill level 14 in Shields
 17273 | Orc:1    | Killed Sergey's ghost
 17405 | Orc:1    | Got a bloodstained cloak
 17406 | Orc:1    | Identified the +0 cloak of Icuenomp {-Tele rN++} (You found
                  | it on level 1 of the Orcish Mines)
 17463 | Orc:2    | Entered Level 2 of the Orcish Mines
 17522 | Orc:2    | Found a staircase to the Elven Halls.
 17993 | Orc:2    | Found Bucuefopp's Antique Armour Emporium.
 17993 | Orc:2    | Found Tat Ahor's Book Emporium.
 17994 | Orc:2    | Found Douroeth's Antique Armour Shoppe.
 17997 | Orc:2    | Found Vetwior's Weapon Shoppe.
 18238 | Elf:1    | Entered Level 1 of the Elven Halls
 18260 | Elf:1    | Found a radiant altar of Vehumet.
 18329 | Elf:1    | Received a gift from Okawaru
 18406 | Elf:1    | Identified the +8 battleaxe of Blind Justice {holy, rN++
                  | Dex-2 Stlth+} (Okawaru gifted it to you on level 1 of the
                  | Elven Halls)
 18432 | Elf:1    | Reached skill level 15 in Shields
 19203 | Elf:1    | Received a gift from Okawaru
 19223 | Elf:1    | Identified the +10 double sword of Patience {slice, +Fly
                  | rPois Int+2 Dex-2} (Okawaru gifted it to you on level 1 of
                  | the Elven Halls)
 19368 | Elf:2    | Cast into level 3 of the Abyss (+0 trident of distortion)
 19402 | Abyss:3  | Noticed a hellephant
 19918 | Elf:2    | Escaped the Abyss
 19969 | Elf:2    | Reached XP level 16. HP: 137/139 MP: 13/15
 19988 | Elf:2    | Received a gift from Okawaru
 20028 | Elf:2    | Reached skill level 16 in Shields
 20132 | Elf:2    | Found a transporter.
 20132 | Elf:2    | Noticed Ewetirimn's ghost (adept MiBe)
 20165 | Elf:2    | Found a transporter.
 20242 | Elf:2    | Found a runed translucent gate.
 20242 | Elf:2    | Found a runed translucent gate.
 20242 | Elf:2    | Found a runed translucent gate.
 20508 | Elf:2    | Noticed a deep elf blademaster
 20560 | Elf:2    | Killed a deep elf blademaster
 20587 | Elf:2    | Noticed Saint Roka
 20635 | Elf:2    | Killed Saint Roka
 20688 | Elf:2    | Reached skill level 15 in Polearms
 20903 | Elf:2    | Received a gift from Okawaru
 20920 | Elf:2    | Noticed Donald
 20960 | Elf:2    | Killed Donald
 20960 | Elf:2    | Reached skill level 17 in Shields
 21347 | D:7      | Killed skk's ghost
 21685 | Elf:2    | Killed Ewetirimn's ghost
 21712 | Elf:2    | Got a glittering brass ring
 21730 | Elf:2    | Identified the ring "Usox" {rCorr rPois Int-4 Slay+5
                  | Stlth+} (You found it on level 2 of the Elven Halls)
 21758 | Elf:3    | Entered Level 3 of the Elven Halls
 21793 | Elf:2    | Lost mutation: You passively map a large area around you.
                  | [potion of mutation]
 21793 | Elf:2    | Lost mutation: You are frail. (-10% HP) [potion of
                  | mutation]
 21793 | Elf:2    | Gained mutation: You have a pair of small horns on your
                  | head. [potion of mutation]
 22025 | Elf:3    | Received a gift from Okawaru
 22025 | Elf:3    | Reached XP level 17. HP: 164/164 MP: 17/17
 22026 | Elf:3    | Got a bloodstained plate armour {god gift}
 22027 | Elf:3    | Identified the +8 plate armour of Tempters {rF+ Str-5
                  | Stlth+} (Okawaru gifted it to you on level 3 of the Elven
                  | Halls)
 22564 | Elf:3    | Identified the cursed +0 pair of gloves "Luosir" {rC+
                  | Int+3}
 22564 | Elf:3    | Noticed Nikola
 22820 | Elf:3    | Noticed a deep elf blademaster
 22833 | Elf:3    | Killed a deep elf blademaster
 22842 | Elf:3    | Identified the +6 leather armour of Beiheac {+Inv Str+2
                  | Dex+3}
 22842 | Elf:3    | Noticed a deep elf master archer
 22888 | Elf:3    | Killed a deep elf master archer
 22910 | Elf:3    | Got a smoking great sword
 22918 | Elf:3    | Got a faintly glowing falchion
 22938 | Elf:3    | Identified the +9 falchion of Fragile Peace {flame, rF+
                  | Int+3 Dex+5 Stlth-} (You found it on level 3 of the Elven
                  | Halls)
 23103 | Elf:3    | Noticed a deep elf blademaster
 23113 | Elf:3    | Killed a deep elf blademaster
 23127 | Elf:3    | Identified the ring "Asiyth" {Fire rPois MR- Str+4 Stlth+}
 23141 | Elf:3    | Noticed a deep elf master archer
 23143 | Elf:3    | Killed Nikola
 23143 | Elf:3    | Reached skill level 18 in Shields
 23151 | Elf:3    | Killed a deep elf master archer
 23151 | Elf:3    | Reached skill level 1 in Long Blades
 23155 | Elf:3    | Received a gift from Okawaru
 23183 | Elf:3    | Identified the Disquisition on Ghastly Bewitchment
 23208 | Elf:3    | Got a faintly glowing rapier
 23209 | Elf:3    | Identified the cursed +3 rapier of Overwhelming Force
                  | {freeze, Dex+2} (You found it on level 3 of the Elven
                  | Halls)
 23496 | Shoals:1 | Entered Level 1 of the Shoals
 23516 | Shoals:1 | Got an opal-encrusted scale mail
 23527 | Shoals:1 | Identified the +5 scale mail of Bepim {rElec} (You found it
                  | on level 1 of the Shoals)
 23748 | Shoals:1 | Got a warped lead ring
 24308 | Shoals:1 | Identified the ring "Motis" {rElec rN+ Int-3 Stlth-} (You
                  | found it on level 1 of the Shoals)
 24352 | Shoals:2 | Noticed a kraken
 24375 | Shoals:2 | Killed a kraken
 24794 | Shoals:2 | Gained mutation: You passively map a large area around you.
                  | [Deep Dwarf growth]
 24794 | Shoals:2 | Reached XP level 18. HP: 166/177 MP: 18/18
 25298 | Shoals:3 | Received a gift from Okawaru
 26128 | Shoals:4 | Entered Level 4 of the Shoals
 26561 | Shoals:4 | Got a transparent long sword
 26613 | Shoals:4 | Reached skill level 19 in Shields
 27145 | Shoals:4 | Received a gift from Okawaru
 27172 | Shoals:4 | Got a barnacled rune of Zot
 27789 | D:4      | Bought a potion of invisibility for 96 gold pieces
 27789 | D:4      | Bought a potion of might for 48 gold pieces
 27789 | D:4      | Bought a potion of haste for 120 gold pieces
 27789 | D:4      | Bought a potion of invisibility for 96 gold pieces
 28145 | D:14     | Found Yreoca's General Store.
 28150 | D:14     | Bought a scroll of identify for 32 gold pieces
 28150 | D:14     | Bought a scroll of identify for 32 gold pieces
 28175 | D:14     | Noticed Snorg
 28186 | D:14     | Killed Snorg
 28843 | D:15     | Entered Level 15 of the Dungeon
 28843 | D:15     | Noticed Azrael
 29137 | D:15     | Killed Azrael
 29195 | D:15     | Reached XP level 19. HP: 188/188 MP: 19/19
 29270 | D:15     | Received a gift from Okawaru
 29347 | D:15     | Got a faintly humming shield {god gift}
 29358 | D:15     | Identified the +8 long sword "Reyson" {flame, rPois Int+2
                  | Dex+2} (You found it on level 4 of the Shoals)
 29360 | D:15     | Identified the +3 shield of Protective Custody {rCorr}
                  | (Okawaru gifted it to you on level 15 of the Dungeon)
 29528 | D:15     | Found a staircase to the Depths.
 29932 | Spider:1 | Entered Level 1 of the Spider Nest
 30245 | Spider:1 | Noticed Agnes
 30255 | Spider:1 | Killed Agnes
 30285 | Spider:1 | Reached skill level 20 in Shields
 30543 | Spider:1 | You are sucked into a shaft!
 30599 | Spider:2 | Noticed Asterion
 30615 | Spider:2 | Killed Asterion
 30770 | Spider:2 | Noticed Arachne
 30784 | Spider:2 | Killed Arachne
 31611 | Spider:1 | Noticed Louise
 31634 | Spider:1 | Killed Louise
 31805 | Spider:3 | Received a gift from Okawaru
 32378 | Spider:3 | Got a flickering pewter ring
 32380 | Spider:3 | Identified the ring "Ublueran" {MR- Int+5 Dex+2} (You
                  | acquired it on level 3 of the Spider Nest)
 32405 | Spider:4 | Entered Level 4 of the Spider Nest
 32481 | Spider:4 | Reached skill level 15 in Fighting
 32707 | Spider:4 | Reached skill level 21 in Shields
 32833 | Spider:4 | Received a gift from Okawaru
 33142 | Spider:4 | Reached XP level 20. HP: 199/199 MP: 1/21
 33240 | Spider:4 | Got a gossamer rune of Zot
 33766 | Depths:1 | Entered Level 1 of the Depths
 33796 | Depths:1 | Found the +6 shillelagh "Devastator" {shatter}
 33895 | Depths:1 | Received a gift from Okawaru
 34187 | Depths:1 | Found a gateway to Hell.
 34272 | Depths:1 | You are sucked into a shaft!
 34301 | Depths:2 | Reached skill level 22 in Shields
 34376 | Depths:2 | Noticed a golden dragon
 34410 | Depths:2 | Killed a golden dragon
 34425 | Depths:2 | Noticed a caustic shrike
 34433 | Depths:2 | Received a gift from Okawaru
 34459 | Depths:2 | Killed a caustic shrike
 34692 | Depths:2 | Identified the +1 scale mail "Zehob" {Str+5 Dex-2} (You
                  | found it on level 2 of the Depths)
 34710 | Depths:2 | Found a gateway to a ziggurat.
 34712 | Depths:2 | Noticed Sojobo
 34791 | Depths:2 | Killed Sojobo
 34791 | Depths:2 | Received a gift from Okawaru
 34829 | Depths:2 | Lost mutation: You are partially covered in rugged brown
                  | scales. (AC +1, +3% HP) [potion of mutation]
 34829 | Depths:2 | Lost mutation: You have a pair of small horns on your head.
                  | [potion of mutation]
 34829 | Depths:2 | Gained mutation: You have large cloven feet. [potion of
                  | mutation]
 34829 | Depths:2 | Gained mutation: You are frail. (-10% HP) [potion of
                  | mutation]
 34829 | Depths:2 | Gained mutation: Your spells are a little easier to cast,
                  | but a little less powerful. [potion of mutation]
 34829 | Depths:2 | Gained mutation: Your flesh is cold resistant. (rC+)
                  | [potion of mutation]
 35100 | Depths:2 | Reached skill level 23 in Shields
 35122 | Depths:2 | Found a one-way gate leading to the halls of Pandemonium.
 35482 | Depths:1 | Reached XP level 21. HP: 181/181 MP: 14/22
 36420 | Depths:3 | Received a gift from Okawaru
 36689 | Depths:3 | Received a gift from Okawaru
 37073 | Depths:4 | Found a shattered altar of Ashenzari.
 37248 | Depths:4 | Identified the amulet "Jonotosa" {Acrobat +Blink rN+ Str-5
                  | Dex+4}
 37397 | Depths:4 | Found a one-way gate to the infinite horrors of the Abyss.
 37434 | Depths:4 | Noticed a golden dragon
 37457 | Depths:4 | Noticed a juggernaut
 37489 | Depths:4 | Killed a juggernaut
 37495 | Depths:4 | Killed a golden dragon
 37527 | Depths:4 | Reached skill level 24 in Shields
 37556 | Depths:3 | Killed from afar by a quicksilver dragon

Skill      XL: |  1  2  3  4  5  6  7  8  9 10 11 12 13 14 15 16 17 18 19 20 21 |
---------------+----------------------------------------------------------------+-----
Polearms       | 2 3 6 8 10 11 13 14 15 16 17 | 17.8
Fighting       | 3 4 5 6 7 8 9 10 11 12 13 14 15 16 | 16.2
Armour         | 4 5 6 7 8 9 10 11 12 13 14 | 14.5
Dodging        | 1 2 3 4 5 6 7 |  7.6
Shields        | 4 5 6 7 9 10 12 13 15 17 18 19 21 23 24 | 24.0
Axes           | 2 4 6 |  6.7
Stealth        | 2 3 4 5 |  5.9
Evocations     | 1 2 |  2.5
Invocations    | 1 5 7 8 9 |  9.9
Long Blades    | 1 |  1.1

Action                   |  1- 3 |  4- 6 |  7- 9 | 10-12 | 13-15 | 16-18 | 19-21 || total
-------------------------+-------+-------+-------+-------+-------+-------+-------++-------
Melee: Trident           |   108 |    77 |       |       |   143 |       |       ||   328
       Hand axe          |       |    49 |   160 |       |       |       |       ||   209
       Demon trident     |       |       |   142 |   611 |  2080 |  1779 |  2288 ||  6900
       Headbutt          |       |       |       |       |       |   232 |   362 ||   594
       Falchion          |       |       |       |       |       |     5 |       ||     5
Invok: Heroism           |       |       |       |     4 |    20 |    19 |    27 ||    70
       Finesse           |       |       |       |       |       |     4 |     7 ||    11
 Abil: Heal Wounds       |     1 |       |     1 |     1 |    12 |     6 |       ||    21
Evoke: Wand              |       |       |       |    10 |     2 |     6 |     1 ||    19
  Use: Scroll            |     4 |     6 |     8 |    11 |    16 |    15 |    17 ||    77
       Potion            |       |     1 |     2 |     7 |     7 |     7 |     8 ||    32
 Stab: Invisible         |       |       |     5 |     1 |     9 |     8 |       ||    23
       Sleeping          |       |       |     2 |     9 |     1 |       |       ||    12
       Distracted        |       |       |     1 |     1 |     1 |       |       ||     3
       Confused          |       |       |       |       |       |       |     1 ||     1
  Eat: Chunk             |       |    17 |     9 |    11 |    38 |    35 |    34 ||   144
       Ration            |       |       |     1 |     2 |       |     1 |       ||     4
Armor: Scale mail        |    49 |    49 |   122 |   149 |       |       |       ||   369
       Chain mail        |       |       |       |    43 |   239 |       |       ||   282
       Skin              |       |       |       |       |     1 |       |       ||     1
       Plate armour      |       |       |       |       |   192 |   469 |   683 ||  1344
Dodge: Dodged            |    43 |    25 |   124 |   178 |   507 |   363 |   523 ||  1763
Block: Shield            |    54 |    52 |   141 |   297 |  1082 |   962 |    65 ||  2653
       Large shield      |       |       |       |       |       |       |  2231 ||  2231
       Reflection        |       |       |       |       |       |       |   110 ||   110
